General information
- name: BNet
- type: Ladder team game (AT/RT)
- host: Battle.net
- saver: K-GaMe.OvER9000
map: GnollWood
- players: 4
- length: 14:36
- speed: Fast
- version: 1.23 W3XP
- replay type: Public
» download(92 KB)
Players
team 1 (winner)
xpert589 (
pink | 144 APM | 2100 actions | 14:36)
3 Archmage
2 Summon Water Elemental
1 Brilliance Aura
1 Mountain King
1 Storm Bolt
» actions
| Assign group hotkey | 31 | |
| Basic commands | 213 | |
| Build / train | 75 | |
| Enter build submenu | 21 | |
| Enter hero's abilities submenu | 4 | |
| Right click | 780 | |
| Select / deselect | 380 | |
| Select group hotkey | 493 | |
| Use ability | 103 | |
2100 total
» units
| Peasant | 16 | |
| Footman | 10 | |
| Priest | 4 | |
| Spell Breaker | 6 | |
36 total
» upgrades
| Defend | 1 | |
| Masonry | 2 | |
| Priest Training | 1 | |
4 total
» buildings
| Altar of Kings | 1 | |
| Farm | 10 | |
| Barracks | 1 | |
| Scout Tower | 3 | |
| Arcane Tower | 3 | |
| Keep | 3 | |
| Lumber Mill | 1 | |
| Guard Tower | 7 | |
| Arcane Sanctum | 1 | |
| Arcane Vault | 1 | |
| Castle | 2 | |
| Blacksmith | 1 | |
34 total
» build order
00:06 Altar of Kings
00:19 Farm
00:20 Barracks
00:49 Farm
01:47 Farm
03:15 Scout Tower
03:17 Scout Tower
03:36 Farm
03:46 Arcane Tower
03:46 Arcane Tower
03:47 Keep
03:47 Keep
03:48 Keep
04:32 Farm
04:37 Lumber Mill
05:39 Guard Tower
05:39 Guard Tower
06:38 Arcane Sanctum
06:52 Arcane Vault
06:54 Farm
07:07 Scout Tower
07:35 Guard Tower
07:36 Guard Tower
09:25 Farm
09:52 Farm
10:06 Farm
12:02 Castle
12:02 Castle
12:15 Farm
13:38 Blacksmith
» items
| Boots of Speed | 2 | |
| Potion of Healing | 1 | |
| Ivory Tower | 6 | |
9 total
K-GaMe.OvER9000 (
teal | 91 APM | 1335 actions | 14:36)
6 Blood Mage
3 Flame Strike
2 Siphon Mana
1 Summon Phoenix
» actions
| Assign group hotkey | 44 | |
| Basic commands | 166 | |
| Build / train | 82 | |
| ESC pressed | 6 | |
| Enter build submenu | 26 | |
| Enter hero's abilities submenu | 6 | |
| Give item / drop item | 2 | |
| Right click | 328 | |
| Select / deselect | 296 | |
| Select group hotkey | 312 | |
| Use ability | 66 | |
1335 total
» units
| Peasant | 14 | |
| Footman | 7 | |
| Rifleman | 14 | |
| Mortar Team | 6 | |
| Priest | 4 | |
45 total
» upgrades
| Gunpowder | 2 | |
| Armor | 1 | |
| Masonry | 1 | |
| Long Rifles | 1 | |
| Priest Training | 2 | |
| Fragmentation Shards | 1 | |
8 total
» buildings
| Altar of Kings | 1 | |
| Barracks | 2 | |
| Farm | 12 | |
| Lumber Mill | 1 | |
| Blacksmith | 1 | |
| Arcane Vault | 1 | |
| Town Hall | 1 | |
| Scout Tower | 2 | |
| Guard Tower | 7 | |
| Keep | 3 | |
| Workshop | 2 | |
| Arcane Sanctum | 1 | |
| Castle | 1 | |
35 total
» build order
00:10 Altar of Kings
00:26 Barracks
00:41 Farm
01:14 Farm
02:46 Farm
02:56 Lumber Mill
03:35 Blacksmith
03:39 Farm
03:46 Arcane Vault
04:02 Town Hall
04:12 Scout Tower
04:12 Scout Tower
04:45 Guard Tower
04:46 Guard Tower
04:46 Guard Tower
04:46 Guard Tower
04:46 Guard Tower
05:30 Barracks
06:57 Keep
06:57 Keep
07:40 Farm
07:41 Farm
08:09 Farm
09:30 Workshop
09:31 Arcane Sanctum
09:46 Workshop
11:40 Castle
14:24 Farm
14:24 Farm
14:25 Farm
» items
| Scroll of Regeneration | 1 | |
| Lesser Clarity Potion | 1 | |
| Scroll of Town Portal | 2 | |
| Scroll of Healing | 2 | |
| Scroll of Protection | 1 | |
| Circlet of Nobility | 1 | |
8 total
team 2 (loser)
BoNsAi-TrEE. (
purple | 70 APM | 1017 actions | 14:25)
4 Archmage
2 Summon Water Elemental
2 Brilliance Aura
1 Paladin
1 Holy Light
2 Mountain King
1 Storm Bolt
1 Bash
» actions
| Assign group hotkey | 13 | |
| Basic commands | 10 | |
| Build / train | 45 | |
| Enter build submenu | 12 | |
| Enter hero's abilities submenu | 7 | |
| Right click | 400 | |
| Select / deselect | 234 | |
| Select group hotkey | 237 | |
| Use ability | 59 | |
1017 total
» units
| Peasant | 15 | |
| Footman | 8 | |
| Spell Breaker | 5 | |
28 total
» upgrades
» buildings
| Altar of Kings | 1 | |
| Barracks | 1 | |
| Farm | 5 | |
| Scout Tower | 1 | |
| Arcane Tower | 1 | |
| Keep | 1 | |
| Arcane Vault | 1 | |
| Castle | 1 | |
| Arcane Sanctum | 3 | |
| Lumber Mill | 1 | |
16 total
» build order
00:09 Altar of Kings
00:23 Barracks
00:36 Farm
01:12 Farm
01:37 Scout Tower
01:52 Farm
02:05 Arcane Tower
03:02 Keep
03:42 Arcane Vault
03:49 Farm
03:51 Farm
05:27 Castle
05:38 Arcane Sanctum
08:35 Arcane Sanctum
08:40 Arcane Sanctum
08:49 Lumber Mill
» items
| Scroll of Regeneration | 2 | |
| Potion of Healing | 1 | |
3 total
peachfuzz_0 (
yellow | 113 APM | 1656 actions | 14:35)
4 Lich
2 Frost Nova
2 Dark Ritual
1 Dark Ranger
1 Black Arrow
» actions
| Assign group hotkey | 443 | |
| Basic commands | 93 | |
| Build / train | 42 | |
| Enter build submenu | 12 | |
| Enter hero's abilities submenu | 5 | |
| Give item / drop item | 1 | |
| Right click | 560 | |
| Select / deselect | 287 | |
| Select group hotkey | 160 | |
| Use ability | 53 | |
1656 total
» units
| Acolyte | 5 | |
| Ghoul | 8 | |
| Crypt Fiend | 6 | |
| Obsidian Statue | 4 | |
| Banshee | 1 | |
24 total
» upgrades
» buildings
| Crypt | 1 | |
| Altar of Darkness | 1 | |
| Ziggurat | 4 | |
| Tomb of Relics | 1 | |
| Nerubian Tower | 1 | |
| Halls of the Dead | 1 | |
| Graveyard | 2 | |
| Slaughterhouse | 1 | |
| Temple of the Damned | 1 | |
| Black Citadel | 1 | |
| Spirit Tower | 1 | |
15 total
» build order
00:06 Crypt
00:18 Altar of Darkness
00:33 Ziggurat
00:52 Tomb of Relics
01:36 Ziggurat
01:49 Nerubian Tower
03:11 Halls of the Dead
04:07 Graveyard
04:09 Graveyard
04:31 Ziggurat
05:38 Slaughterhouse
05:40 Temple of the Damned
06:42 Black Citadel
09:28 Spirit Tower
12:22 Ziggurat
» items
| Rod of Necromancy | 2 | |
| Potion of Mana | 1 | |
| Orb of Corruption | 1 | |
| Scroll of Town Portal | 1 | |
5 total
Chat log
(00:08 / All) peachfuzz_0: Lolllll
(00:10 / All) xpert589: lol @ fuzz
(00:26 / Allies) xpert589: sup man
(00:27 / All) peachfuzz_0: u will get owned by my reaver drop
(00:28 / Allies) xpert589: plan?
(00:30 / Allies) K-GaMe.OvER9000: hi
(00:36 / Allies) K-GaMe.OvER9000: u wanna go rifles?
(00:40 / Allies) xpert589: not really
(00:43 / Allies) xpert589: lol
(00:45 / Allies) K-GaMe.OvER9000: caster the?N
(00:46 / All) peachfuzz_0: im getn like 80 ghouls
(00:49 / All) peachfuzz_0: 40**
(00:53 / Allies) xpert589: can u go rifle mort?
(00:56 / Allies) K-GaMe.OvER9000: i can
(00:59 / Allies) K-GaMe.OvER9000: sure
(01:00 / Allies) K-GaMe.OvER9000: im expoing tho
(01:00 / All) peachfuzz_0: gonna rape ur probes
(01:12 / Allies) xpert589: hero
(01:13 / Allies) xpert589: quick?
(01:18 / Allies) K-GaMe.OvER9000: goo watever
(01:19 / Allies) xpert589: hurry
(01:21 / Allies) xpert589: whats ur hero
(01:23 / Allies) xpert589: i need to kno
(01:23 / Allies) K-GaMe.OvER9000: bloodmage
(01:29 / Allies) xpert589: k
(01:29 / All) peachfuzz_0: HEY
(01:34 / Allies) xpert589: am mk panda
(01:36 / Allies) K-GaMe.OvER9000: mk is a good hero
(02:04 / All) peachfuzz_0: lol
(02:58 / Allies) K-GaMe.OvER9000: tower
(02:59 / Allies) K-GaMe.OvER9000: fast
(03:05 / Allies) K-GaMe.OvER9000: were expoing remember :)
(03:14 / Allies) K-GaMe.OvER9000: so egt arcane
(03:58 / Allies) K-GaMe.OvER9000: oops
(04:08 / Allies) K-GaMe.OvER9000: didnt notice health fountain
(04:15 / Allies) xpert589: it changes
(04:18 / Allies) K-GaMe.OvER9000: does he seriously not have
(04:20 / Allies) K-GaMe.OvER9000: a graveyard
(04:24 / Allies) xpert589: hes massing ghouls
(04:25 / Allies) xpert589: dude
(04:27 / Allies) K-GaMe.OvER9000: k
(04:28 / Allies) K-GaMe.OvER9000: awesome
(04:38 / Allies) K-GaMe.OvER9000: i want lvl 3
(04:53 / Allies) xpert589: rifles soon?
(04:57 / Allies) K-GaMe.OvER9000: yah
(04:59 / Allies) K-GaMe.OvER9000: starting em now
(05:12 / Allies) K-GaMe.OvER9000: id rather have SOMTHING early game
(05:14 / Allies) K-GaMe.OvER9000: to fend off rush yknow
(05:18 / Allies) K-GaMe.OvER9000: imma rass
(06:31 / Allies) xpert589: im b
(06:35 / Allies) K-GaMe.OvER9000: ditto
(06:41 / Allies) K-GaMe.OvER9000: lucky
(06:43 / Allies) K-GaMe.OvER9000: a skele was
(06:53 / Allies) K-GaMe.OvER9000: winding up to kill me
(06:53 / Allies) K-GaMe.OvER9000: lol
(06:58 / Allies) xpert589: wow
(06:59 / Allies) xpert589: heh
(07:04 / Allies) K-GaMe.OvER9000: my footman
(07:08 / Allies) K-GaMe.OvER9000: come
(07:09 / Allies) K-GaMe.OvER9000: we can creep it
(08:03 / Allies) K-GaMe.OvER9000: imma hit the hu
(08:58 / Allies) K-GaMe.OvER9000: gj
(09:03 / All) xpert589: congrats
(09:04 / All) xpert589: u suck
(09:05 / All) xpert589: haha
(09:07 / All) peachfuzz_0: gay
(09:11 / All) peachfuzz_0: i wanted that priest
(09:15 / All) xpert589: i kno
(09:15 / All) xpert589: haha
(09:45 / Allies) xpert589: yellows goin dests
(11:10 / All) K-GaMe.OvER9000: :D
(11:48 / All) xpert589: tpd
(11:49 / All) xpert589: sigh
(11:53 / Allies) K-GaMe.OvER9000: sok
(11:55 / Allies) K-GaMe.OvER9000: dont feed exp
(11:56 / Allies) K-GaMe.OvER9000: those wes
(11:58 / Allies) K-GaMe.OvER9000: give him much exp
(13:24 / All) K-GaMe.OvER9000: :D thx
(13:27 / Allies) xpert589: CARE
(13:27 / Allies) xpert589: 2V1
(13:28 / Allies) xpert589: 2v1
(14:33 / All) peachfuzz_0: gg
(14:35 / All) xpert589: gg